 Dungeon Crawl Stone Soup version 0.19.5 (webtiles) character file.

77 Nubser the Chopper (level 4, 0/40 HPs)
             Began as a Draconian Berserker on Mar 11, 2017.
             Was a Believer of Trog.
             Slain by Crazy Yiuf
             ... wielding a +2 quarterstaff of chaos
              (4 damage)
             ... on level 2 of the Dungeon.
             The game lasted 00:15:58 (1859 turns).

Nubser the Chopper (Draconian Berserker)            Turns: 1859, Time: 00:15:59

Health: 0/40       AC:  7    Str: 20    XL:     4   Next: 13%
Magic:  4/4        EV: 13    Int:  7    God:    Trog [**....]
Gold:   93         SH:  0    Dex: 11    Spells: 0 memorised, 3 levels left

rFire  . . .     SeeInvis .     a - +0 hand axe
rCold  . . .     Gourm    .     (armour unavailable)
rNeg   . . .     Faith    .     (no shield)
rPois  .         Spirit   .     (helmet restricted)
rElec  .         Reflect  .     j - +0 cloak
rCorr  .         Harm     .     k - +0 pair of gloves
MR     .....                    (no boots)
Stlth  +.........               (no amulet)
                                (no ring)
                                (no ring)

@: slowed, very slow
A: unfitting armour, cold-blooded, AC +5
a: Berserk, Trog's Hand, Burn Spellbooks, Renounce Religion


You were on level 2 of the Dungeon.
You worshipped Trog.
Trog was pleased with you.
You were not hungry.

You visited 1 branch of the dungeon, and saw 3 of its levels.

You collected 93 gold pieces.

Inventory:

Hand Weapons
 a - a +0 hand axe (weapon)
Armour
 j - a +0 cloak (worn)
 k - a +0 pair of gloves (worn)
Jewellery
 g - an uncursed amulet of guardian spirit {lel}
Scrolls
 h - a scroll of recharging {unknown}
 l - a scroll of remove curse
Potions
 e - a potion of lignification {unknown}
 f - a potion of resistance {unknown}
Comestibles
 b - 2 bread rations
 d - a slice of pizza
 i - a royal jelly


   Skills:
 + Level 3.8 Fighting
 + Level 3.9 Axes
 + Level 3.5 Dodging
 + Level 0.2 Stealth


You had 3 spell levels left.
You didn't know any spells.

Dungeon Overview and Level Annotations

Branches:
Dungeon (3/15)

Altars:
Okawaru
Vehumet

Annotations:
D:2 Crazy Yiuf


Innate Abilities, Weirdness & Mutations

Your plain brown scales are hard. (AC +5)
You cannot fit into any form of body armour.
You are cold-blooded and may be slowed by cold attacks.


Message History

You slash Crazy Yiuf!
Crazy Yiuf is severely wounded.
Crazy Yiuf closely misses you.
You closely miss Crazy Yiuf.
Crazy Yiuf is severely wounded.
Crazy Yiuf hits you with a quarterstaff of chaos!
You hit Crazy Yiuf but do no damage.
Your tail-slap misses Crazy Yiuf.
Crazy Yiuf is severely wounded.
Crazy Yiuf barely misses you.
You hit Crazy Yiuf but do no damage.
Crazy Yiuf is severely wounded.
Crazy Yiuf hits you with a quarterstaff of chaos.
Crazy Yiuf freezes you.
* * * LOW HITPOINT WARNING * * *
You hit Crazy Yiuf.
Crazy Yiuf is severely wounded.
Crazy Yiuf hits you with a quarterstaff of chaos!
* * * LOW HITPOINT WARNING * * *
You feel yourself slow down. Crazy Yiuf freezes you.
You die...

###.## #÷####### ###
#..########.# ..##
##....>.....######### ...####
#.g##.######...#...##
.#....###>###.g÷.##.........#
.####...#.######............. ##
##....................#
#..###########........#
####.###)......g@.#......##♣♣♣♣♣
.........###########.........♣.♣♣
########## ####.......♣..
#....♣.♣♣♣♣ ##....♣♣ ♣ ####♣♣


You could see Crazy Yiuf.

Vanquished Creatures
  An adder (D:2)
  2 worms (D:2)
  A dart slug (D:1)
  4 giant cockroaches
  6 goblins
  7 hobgoblins
  8 jackals (D:1)
  A ball python (D:1)
  9 bats
  5 frilled lizards
  4 kobolds
  7 rats
55 creatures vanquished.

Notes
Turn   | Place    | Note
-------+----------+-------------------------------------------
     0 | D:1      | Nubser the Draconian Berserker began the quest for the Orb.
     0 | D:1      | Reached XP level 1. HP: 19/19 MP: 1/1
   205 | D:1      | Reached XP level 2. HP: 18/26 MP: 2/2
   389 | D:1      | Reached ** piety under Trog
   466 | D:1      | Reached XP level 3. HP: 7/31 MP: 3/3
  1399 | D:2      | Found a radiant altar of Vehumet.
  1482 | D:2      | Reached XP level 4. HP: 36/40 MP: 4/4
  1492 | D:2      | Found an iron altar of Okawaru.
  1631 | D:2      | Found a runed door.
  1635 | D:2      | Noticed Crazy Yiuf
  1672 | D:3      | HP: 2/40 [poisoned by Crazy Yiuf]
  1859 | D:2      | Slain by Crazy Yiuf

Skill      XL: |  1  2 |
---------------+-------+-----
Dodging        | 3 |  3.5
Fighting       | |  3.8
Axes           | |  3.9
Stealth        | |  0.2

Action                   |  1- 3 |  4- 6 || total
-------------------------+-------+-------++-------
Melee: Hand axe          |   144 |    29 ||   173
       Tailslap          |    11 |     4 ||    15
       Whip              |    21 |       ||    21
  Use: Scroll            |     4 |       ||     4
       Potion            |       |     1 ||     1
  Eat: Meat ration       |     1 |       ||     1
Armor: Skin              |    76 |     4 ||    80
Dodge: Dodged            |   143 |    17 ||   160
